 Dungeon Crawl Stone Soup version 0.31-a0-1-g4198be8af4 (webtiles) character file.

Game seed: 8723782832854732029

341 qeuew the Sneak (level 6, -5/28 HPs)
             Began as a Spriggan Enchanter on May 2, 2023.
             Killed by nerve-wracking pain
             ... invoked by a shadow imp
              (12 damage)
             ... on level 6 of the Dungeon.
             The game lasted 00:05:31 (3059 turns).

qeuew the Sneak (Spriggan Enchanter)                Turns: 3059, Time: 00:05:32

Health: -5/28      AC:  2    Str:  4    XL:     6   Next: 30%
Magic:  12/12      EV: 18    Int: 17    God:
Gold:   157        SH:  0    Dex: 17    Spells: 7/12 levels left

rFire   . . .        a - +1 dagger
rCold   . . .        (no shield)
rNeg    . . .        b - +0 robe
rPois   .            (helmet restricted)
rElec   .            (no cloak)
rCorr   .            (gloves unavailable)
SInv    +            (boots unavailable)
Will    +....        (no amulet)
Stlth   ++++         (no ring)
HPRegen 0.24/turn    (no ring)
MPRegen 0.13/turn

%: no passive effects
@: very quick
A: very small, no large weapons, unfitting armour, see invisible, speed 3
a: no special abilities


You were on level 6 of the Dungeon.
You visited 1 branch of the dungeon, and saw 6 of its levels.

You collected 157 gold pieces.

Inventory:

Hand Weapons
 a - a +1 dagger (weapon)
Armour
 b - a +0 robe (worn)
Wands
 i - a wand of mindburst (11)
Scrolls
 h - a scroll of fear
 j - a scroll of poison {unknown}
 k - a scroll of teleportation
 l - a scroll of blinking {unknown}
Potions
 c - a potion of invisibility
 d - a potion of heal wounds
 e - a potion of resistance
 f - 2 potions of cancellation
 g - a potion of ambrosia


   Skills:
 * Level 3.5 Short Blades
 + Level 4.1 Dodging
 * Level 6.7 Stealth
 + Level 3.8 Spellcasting
 + Level 4.6 Hexes
 + Level 2.0 Evocations


You had 7 spell levels left.
You knew the following spells:

 Your Spells              Type           Power      Damage    Failure   Level
a - Ensorcelled Hibernat  Hex/Ice        22%        N/A       10%         2
b - Tukima's Dance        Hex            19%        N/A       7%          3

Your spell library contained the following spells:

 Spells                   Type           Power      Damage    Failure   Level
 Confusing Touch          Hex            19%        N/A       7%          3
 Dazzling Flash           Conj/Hex       22%        N/A       19%         3


Dungeon Overview and Level Annotations

Branches:
Dungeon (7/15)
 Temple: D:4-7

Altars:
Nemelex Xobeh
Okawaru
Uskayaw
Zin


Innate Abilities, Weirdness & Mutations

You are very small and have problems with some larger weapons.
You are too small for most types of armour.
You have supernaturally acute eyesight. (SInv)
You cover ground extremely quickly. (Speed+++)


Message History

You hit the shadow imp but do no damage.
The shadow imp barely misses you.
You hit the shadow imp but do no damage.
You closely miss the shadow imp. The shadow imp misses you.
You barely miss the shadow imp. The shadow imp gestures at you.
Pain shoots through your body!
Ouch! That really hurt!
* * * LOW HITPOINT WARNING * * *
You are too injured to fight recklessly!
You are too injured to fight recklessly!
You are too injured to fight recklessly!
You are too injured to fight recklessly!
You are too injured to fight recklessly!
You are too injured to fight recklessly!
You are too injured to fight recklessly!
You are too injured to fight recklessly!
You are too injured to fight recklessly!
You are too injured to fight recklessly!
You are too injured to fight recklessly!
You are too injured to fight recklessly!
You are too injured to fight recklessly!
You are too injured to fight recklessly!
You are too injured to fight recklessly!
You barely miss the shadow imp. The shadow imp barely misses you.
You closely miss the shadow imp. The shadow imp barely misses you.
You hit the shadow imp.
The shadow imp is lightly wounded.
You hit the shadow imp but do no damage.
The shadow imp is lightly wounded.
The shadow imp barely misses you.
You hit the shadow imp.
The shadow imp is heavily wounded.
The shadow imp hits you.
* * * LOW HITPOINT WARNING * * *
You barely miss the shadow imp.
The shadow imp is heavily wounded.
The shadow imp gestures at you. Pain shoots through your body!
You die...

#.# #.# #.#
#.# #.#
#.###
#...##
###..######
#..$..@...#
#......5..#
#.........#
#........>#
#.........#
###########


You could see a shadow imp.

Vanquished Creatures
  Sigmund (D:4)
  2 orc wizards (D:3)
  3 adders
  A worm (D:3)
  4 dart slugs
  8 orcs (D:3)
  7 bats
  4 endoplasms
  5 giant cockroaches
  8 goblins
  7 hobgoblins
  10 jackals
  3 quokkas
  3 ball pythons
  2 frilled lizards
  8 kobolds
  5 rats
81 creatures vanquished.

Vanquished Creatures (others)
  A plant (D:3)
1 creature vanquished.

Grand Total: 82 creatures vanquished

Notes
Turn   | Place    | Note
-------+----------+-------------------------------------------
     0 | D:1      | qeuew the Spriggan Enchanter began the quest for the Orb.
     0 | D:1      | Reached XP level 1. HP: 9/9 MP: 5/5
   169 | D:1      | Reached XP level 2. HP: 13/13 MP: 6/6
   235 | D:1      | Learned a level 2 spell: Ensorcelled Hibernation
   321 | D:1      | Reached skill level 5 in Stealth
   475 | D:1      | Reached XP level 3. HP: 14/16 MP: 8/8
   789 | D:1      | Found a faded altar of an unknown god.
  1288 | D:2      | Reached XP level 4. HP: 11/21 MP: 6/9
  1680 | D:2      | Learned a level 3 spell: Tukima's Dance
  2196 | D:3      | Reached skill level 1 in Evocations
  2215 | D:3      | Reached XP level 5. HP: 19/24 MP: 3/11
  2304 | D:3      | Reached skill level 6 in Stealth
  2465 | D:3      | Found an iron altar of Okawaru.
  2465 | D:3      | Found a sparkling altar of Nemelex Xobeh.
  2666 | D:3      | Found a hide-covered altar of Uskayaw.
  2695 | D:4      | Noticed Sigmund
  2700 | D:4      | Killed Sigmund
  2701 | D:4      | Reached XP level 6. HP: 28/28 MP: 9/12
  2850 | D:4      | Found a glowing silver altar of Zin.
  3010 | D:4      | You fall into a shaft and drop 3 floors!
  3018 | D:7      | Noticed an orc warrior
  3059 | D:6      | Killed from afar by a shadow imp

Illustrated notes

Levels and vault maps discovered:
D:1:      sevenhm_arrival_forest_fort_large_2, layout_loops_ring,
          shapermc_ecumenical_altar_petra
D:2:      layout_rooms, minmay_misc_feat_square
D:3:      layout_rooms, gammafunk_temple_overflow_pools,
          mainiacjoe_overflow_small_starburst, serial_curves, eino_curves_03,
          eino_curves_03, serial_bayou_pond_e
D:4:      minmay_razor_zed, layout_layer_cave,
          mainiacjoe_overflow_cross_hatched, nicolae_wu_jian_wuxing_cycle,
          grunt_decor_fettered, uniq_edmund, uniq_sigmund
D:6:      layout_rooms, kennysheep_generic_room_5
D:7:      layout_cave_pools

Skill      XL: |  1  2  3  4  5  6 |
---------------+-------------------+-----
Stealth        | 5 6 |  6.7
Short Blades   | 2 3 |  3.5
Dodging        | 3 4 |  4.1
Spellcasting   | 3 |  3.8
Hexes          | 4 |  4.6
Evocations     | 1 2 |  2.0

Action                     |  1- 3 |  4- 6 || total
---------------------------+-------+-------++-------
  Melee: Dagger            |   134 |   150 ||   284
         Punch             |     1 |     2 ||     3
   Cast: Ensorcelled Hiber |     7 |    21 ||    28
    Use: Potion            |     2 |     1 ||     3
         Scroll            |     5 |     5 ||    10
   Stab: Sleeping          |    18 |    16 ||    34
         Invisible         |     3 |       ||     3
 Armour: Robe              |    19 |     9 ||    28
  Dodge: Dodged            |   115 |   146 ||   261

Table legend: (Time is in decaauts)
 A = Elapsed time spent in this place.
 B = Non-inter-level travel time spent in this place.
 C = Inter-level travel time spent in this place.
 D = Time resting spent in this place.
 E = Time spent auto-exploring this place.
 F = Levels seen in this place.
 G = Mean time per level.
                   A        B        C        D        E       F      G
               +--------+--------+--------+--------+--------+-----+--------+
         Total |   2223 |   2197 |     26 |    129 |   1504 |   6 |  370.5 |
       Dungeon |   2223 |   2197 |     26 |    129 |   1504 |   6 |  370.5 |
               +--------+--------+--------+--------+--------+-----+--------+

Top non-repeatable levels by time:
     D:1: 679 daAuts
     D:3: 657 daAuts
     D:2: 641 daAuts
     D:4: 213 daAuts
     D:6: 24 daAuts
     D:7: 7 daAuts
